 Dungeon Crawl Stone Soup version 0.22-a0-414-gacd343e (webtiles) character file.

158 Borgoz the Skirmisher (level 5, -1/33 HPs)
             Began as a Gargoyle Abyssal Knight on May 13, 2018.
             Was a Believer of Lugonu.
             Slain by a water moccasin (6 damage)
             ... on level 4 of the Dungeon.
             The game lasted 00:04:00 (2795 turns).

Borgoz the Skirmisher (Gargoyle Abyssal Knight)     Turns: 2795, Time: 00:04:00

Health: -1/33      AC:  7    Str: 15    XL:     5   Next: 39%
Magic:  7/7        EV: 11    Int: 13    God:    Lugonu [**....]
Gold:   245        SH:  0    Dex: 10    Spells: 4/4 levels left

rFire    . . .     SeeInvis .   a - +1 hand axe
rCold    . . .     Gourm    .   (no shield)
rNeg     + . .     Faith    .   b - +0 leather armour
rPois    ∞         Spirit   .   (no helmet)
rElec    +         Reflect  .   (no cloak)
rCorr    .         Harm     .   (no gloves)
MR       .....                  (no boots)
Stlth    +.........             (no amulet)
HPRegen  0.11/turn              (no ring)
MPRegen  0.10/turn              (no ring)

@: no status effects
A: negative energy resistance 1, electricity resistance, unbreathing,
petrification resistance, rot immunity, AC +4
a: Depart the Abyss, Bend Space, Renounce Religion


You were on level 4 of the Dungeon.
You worshipped Lugonu.
Lugonu was pleased with you.
You were not hungry.

You visited 1 branch of the dungeon, and saw 4 of its levels.
You visited the Abyss 1 time.

You collected 245 gold pieces.

Inventory:

Hand Weapons
 a - a +1 hand axe (weapon)
Armour
 b - a +0 leather armour (worn)
Wands
 l - a wand of iceblast (7)
Scrolls
 d - a scroll of fog {unknown}
 f - 2 scrolls of remove curse {unknown}
 i - 2 scrolls of noise {unknown}
 j - 2 scrolls of identify {unknown}
 p - a scroll of fear {unknown}
Potions
 e - a potion of resistance {unknown}
 g - 2 potions of curing
 h - a potion of agility {unknown}
 k - a potion of heal wounds {unknown}
 m - a potion of invisibility {unknown}
 o - 2 potions of haste {unknown}
 q - a potion of lignification {unknown}
Comestibles
 c - 5 rations


   Skills:
 + Level 4.2 Fighting
 * Level 3.3 Axes
 + Level 2.8 Armour
 + Level 1.5 Dodging
 + Level 2.7 Invocations


You had 4 spell levels left.
You didn't know any spells.
Your spell library contained the following spells:

 Spells                   Type           Power        Failure   Level  Hunger
 Magic Dart               Conj           #...         36%         1    ##.....
 Conjure Flame            Conj/Fire      #.......     75%         3    ####...
 Slow                     Hex            #.......     50%         2    ###....
 Mephitic Cloud           Conj/Pois/Air  #.......     75%         3    ####...
 Blink                    Tloc           N/A          50%         2    ###....
 Call Imp                 Summ           #.......     50%         2    ###....


Dungeon Overview and Level Annotations

Branches:
Dungeon (4/15)
 Temple: D:4-7

Altars:
Fedhas
Okawaru
Ru
Trog


Innate Abilities, Weirdness & Mutations

You are resistant to torment.
Your stone body is resilient. (AC +4)
You are immune to poison.
You resist negative energy. (rN+)
You are resistant to electric shocks. (rElec)
You can survive without breathing.
You are immune to petrification.
You are immune to rotting.


Message History

The water moccasin bites you.
* * * LOW HITPOINT WARNING * * *
You barely miss the water moccasin.
The water moccasin is severely wounded.
The water moccasin completely misses you.
The water moccasin barely misses you.
You barely miss the water moccasin.
The water moccasin is severely wounded.
The water moccasin barely misses you.
You closely miss the water moccasin.
The water moccasin is severely wounded.
The water moccasin bites you but does no damage. x2
You closely miss the water moccasin.
The water moccasin is severely wounded.
The water moccasin bites you.
* * * LOW HITPOINT WARNING * * *
It was a potion of curing.
You feel better. The water moccasin bites you.
* * * LOW HITPOINT WARNING * * *
The water moccasin bites you.
You die...

####
...#...
###...#...
#........#
#........#
#.........
##(S.<.$.$.
#<@....#
#.#...##
#.....#
##.#......
#.#.......
#........#
#.######.#
#.# . ..#


You could see a water moccasin.

Vanquished Creatures
  A worker ant (D:4)
  4 adders
  A gnoll (D:1)
  An ooze (D:1)
  4 worms
  2 dart slugs
  3 leopard geckos
  An orc (D:2)
  6 bats
  2 giant cockroaches
  8 goblins
  10 hobgoblins
  10 jackals
  2 frilled lizards (D:1)
  5 kobolds
  3 rats
63 creatures vanquished.

Notes
Turn   | Place    | Note
-------+----------+-------------------------------------------
     0 | Abyss:1  | Borgoz the Gargoyle Abyssal Knight began the quest for the Orb.
     0 | Abyss:1  | Reached XP level 1. HP: 14/14 MP: 2/2
    35 | Abyss:1  | Noticed a smoke demon
    41 | D:1      | Escaped the Abyss
    92 | D:1      | Reached XP level 2. HP: 5/19 MP: 3/3
    94 | D:1      | Reached * piety under Lugonu
   445 | D:1      | Reached XP level 3. HP: 4/24 MP: 4/4
   824 | D:1      | Reached skill level 1 in Dodging
  1128 | D:2      | Reached skill level 4 in Fighting
  1128 | D:2      | Reached XP level 4. HP: 28/29 MP: 5/5
  1148 | D:2      | Found an iron altar of Okawaru.
  1537 | D:2      | Found a bloodstained altar of Trog.
  1747 | D:2      | Reached ** piety under Lugonu
  1993 | D:3      | Reached XP level 5. HP: 27/33 MP: 6/6
  2245 | D:3      | Found a sacrificial altar of Ru.
  2340 | D:3      | Found a blossoming altar of Fedhas.
  2769 | D:4      | Noticed a water moccasin
  2795 | D:4      | Slain by a water moccasin

Vault maps used:
D:1:      dpeg_arrival_erosion
D:2:      overflow_temple_1_default, kennysheep_okawaru_gauntlet
D:3:      marbit_many_paths, fedhas_altar_2
D:4:      lemuel_temple_firewalk_b, first_ration

Skill      XL: |  1  2  3  4 |
---------------+-------------+-----
Axes           | 2 3 |  3.3
Dodging        | 1 |  1.5
Fighting       | 4 |  4.2
Armour         | |  2.8
Invocations    | |  2.7

Action                   |  1- 3 |  4- 6 || total
-------------------------+-------+-------++-------
Melee: Hand axe          |   103 |   176 ||   279
Invok: Depart the Abyss  |     1 |       ||     1
  Use: Potion            |       |     1 ||     1
  Eat: Chunk             |       |     6 ||     6
Armor: Leather armour    |    48 |    88 ||   136
Dodge: Dodged            |    83 |   124 ||   207

Table legend:
 A = Spawn XP
 B = Non-spawn XP
 C = Spawn XP percentage of total XP
 D = Spawn monster count
 E = Non-spawn monster count
 F = Spawn count percentage of total count
 G = Total turns spent on level
                    A         B        C        D         E        F      G
               +---------+---------+-------+---------+---------+-------+---------
         Total |       0 |     226 |   0.0 |       0 |      63 |   0.0 |  2795
               +---------+---------+-------+---------+---------+-------+---------
           D:1 |       0 |      68 |   0.0 |       0 |      28 |   0.0 |  1060
           D:2 |       0 |      82 |   0.0 |       0 |      21 |   0.0 |   795
           D:3 |       0 |      43 |   0.0 |       0 |      13 |   0.0 |   698
           D:4 |       0 |      33 |   0.0 |       0 |       1 |   0.0 |   201
               +---------+---------+-------+---------+---------+-------+---------
